 Dungeon Crawl Stone Soup version 0.19-a0-854-gc78d25d (webtiles) character file.

16 Fubayashi the Digger (level 2, 0/15 HPs)
             Began as a Gargoyle Earth Elementalist on July 1, 2016.
             Slain by a hobgoblin (4 damage)
             ... on level 1 of the Dungeon.
             The game lasted 00:02:02 (593 turns).

Fubayashi the Digger (Gargoyle Earth Elementalist)   Turns: 593, Time: 00:02:04

Health: 0/15       AC:  4    Str: 11    XL:     2   Next: 58%
Magic:  1/5        EV: 12    Int: 15    God:
Gold:   20         SH:  0    Dex: 10    Spells: 1 memorised, 5 levels left

rFire  . . .     SeeInvis .     l - +0 club
rCold  . . .     Gourm    .     c - +0 robe
rNeg   + . .     Faith    .     (no shield)
rPois  ∞         Spirit   .     (no helmet)
rElec  +         Dismiss  .     (no cloak)
rCorr  .         Reflect  .     (no gloves)
SustAt .         Harm     .     (no boots)
MR     .....                    (no amulet)
Stlth  ++........               (no ring)
                                (no ring)

@: not resistant to hostile enchantments, unstealthy
A: negative energy resistance 1, electricity resistance, unbreathing,
petrification resistance, rot immunity, AC +2
a: no special abilities


You were on level 1 of the Dungeon.
You were not hungry.

You visited 1 branch of the dungeon, and saw 1 of its levels.

You collected 20 gold pieces.

Inventory:

Hand Weapons
 l - a +0 club (weapon)
Missiles
 b - 23 stones (quivered)
Armour
 c - a +0 robe (worn)
Scrolls
 a - a scroll of remove curse {unknown}
 j - a scroll of fear {unknown}
 k - a scroll of magic mapping {unknown}
 m - a scroll of enchant armour {unknown}
 o - a scroll of identify {unknown}
Potions
 f - a potion of heal wounds {unknown}
 h - a potion of might {unknown}
 i - a potion of lignification {unknown}
 n - a potion of agility {unknown}
Books
 e - a book of Geomancy

   Spells                             Type                      Level
   a - Sandblast                      Earth                        1
   b - Passwall                       Transmutation/Earth          2
   c - Stone Arrow                    Conjuration/Earth            3
   d - Petrify                        Transmutation/Earth          4
   e - Lee's Rapid Deconstruction     Earth                        5
Comestibles
 d - 2 bread rations {@e1}
 g - 3 chunks of flesh


   Skills:
 - Level 1.5 Dodging
 - Level 2.1 Stealth
 * Level 2.6 Spellcasting
   Level 0.7 Transmutations
 + Level 4.0 Earth Magic


You had 5 spell levels left.
You knew the following spells:

 Your Spells              Type           Power        Failure   Level  Hunger
a - Sandblast             Erth           ##....       4%          1    #......


Dungeon Overview and Level Annotations

Branches:
Dungeon (1/15)

Altars:


Innate Abilities, Weirdness & Mutations

You are resistant to torment.
Your stone body is resilient. (AC +2)
You are immune to poison.
You resist negative energy. (rN+)
You are resistant to electric shocks. (rElec)
You can survive without breathing.
You are immune to petrification.
You are immune to rotting.


Message History

The jackal barely misses you.
The hobgoblin hits you but does no damage.
The jackal completely misses you.
You hit the hobgoblin.
The hobgoblin is almost dead.
The hobgoblin barely misses you. The jackal misses you.
You closely miss the hobgoblin.
The hobgoblin is almost dead.
The jackal bites you. The hobgoblin closely misses you. The jackal bites you.
You hit the hobgoblin.
You kill the hobgoblin!
The jackal bites you. x2
You hit the hobgoblin.
The hobgoblin is severely wounded.
The jackal misses you. The hobgoblin hits you. The jackal barely misses you.
The hobgoblin barely misses you.
You hit the hobgoblin but do no damage.
The hobgoblin is severely wounded.
The jackal closely misses you. The hobgoblin hits you.
You die...

...... #...... .....!
###...... .....g .........
....### # #......
....##.##.. #......
##g.......######.....
#.....#...#..........
#..#####..#..........
########..g@# #............
#.........#h.####...........
#.........##...##...........
#..........###....##........
#..........##..#...#...÷....
#...........................
#............####..##.......
#..............#............
#.........####.)...........#


You could see a jackal and a hobgoblin.

Vanquished Creatures
  A dart slug (D:1)
  A giant gecko (D:1)
  A goblin (D:1)
  2 hobgoblins (D:1)
  2 jackals (D:1)
  A ball python (D:1)
  2 bats (D:1)
  2 kobolds (D:1)
  A rat (D:1)
13 creatures vanquished.

Vanquished Creatures (others)
  4 toadstools (D:1)
4 creatures vanquished.

Grand Total: 17 creatures vanquished

Notes
Turn   | Place    | Note
-------+----------+-------------------------------------------
     0 | D:1      | Fubayashi the Gargoyle Earth Elementalist began the quest for the Orb.
     0 | D:1      | Reached XP level 1. HP: 10/10 MP: 3/3
   288 | D:1      | Reached XP level 2. HP: 15/15 MP: 5/5
   585 | D:1      | Reached skill level 4 in Earth Magic
   593 | D:1      | Slain by a hobgoblin

Vault maps used:
D:1:      ldierk_water_garden

Skill      XL: |  1  2 |
---------------+-------+-----
Earth Magic    | 4 |  4.0
Dodging        | |  1.5
Stealth        | |  2.1
Spellcasting   | |  2.6
Transmutations | |  0.7

Action                   || total
-------------------------++-------
Melee: Unarmed           ||    36
       Club              ||     9
 Cast: Sandblast         ||    14
 Stab: Sleeping          ||     1
Armor: Robe              ||    23
Dodge: Dodged            ||    38
